 Dungeon Crawl Stone Soup version 0.25-a0-21-ga5a8db46c7 (webtiles) character file.

Game seed: 10029440174103992607, levelgen mode: deterministic

149849 Peloso the Peltast (level 16, -48/151 HPs)
             Began as a Minotaur Fighter on Oct 16, 2019.
             Was the Champion of Okawaru.
             Killed from afar by Roxanne (55 damage)
             ... with a crystal spear
             ... on level 3 of the Swamp.
             The game lasted 01:50:02 (31321 turns).

Peloso the Peltast (Minotaur Fighter)              Turns: 31321, Time: 01:50:03

Health: -48/151    AC: 41    Str: 25    XL:     16   Next: 97%
Magic:  15/15      EV: 13    Int:  8    God:    Okawaru [******]
Gold:   1527       SH: 26    Dex: 30    Spells: 15/15 levels left

rFire    . . .     SeeInvis +   a - +8 demon blade "Bloodbane" {slice, *Rage +Rage Stlth-}
rCold    + . .     Gourm    .   c - +1 large shield {rC+}
rNeg     . . .     Faith    .   l - +7 plate armour "Begituc" {Regen+ Dex+6 Stlth-}
rPois    +         Spirit   .   W - +2 hat {Int+3}
rElec    .         Reflect  .   (no cloak)
rCorr    .         Harm     .   D - +2 pair of gloves "Jozaniom" {-Cast Dex+9}
MR       +....     Rnd*Rage +   C - +2 pair of boots Stlth ..........NoCast +
                                q - amulet of Opeyjil {Regen+ Dex+2 SInv Stlth+}
HPRegen  1.15/turn              d - ring of Robustness {AC+8}
MPRegen  0.14/turn              O - ring of poison resistance

@: lethally poisoned (-48 -> -48)
A: retaliatory headbutt, horns 2
a: Heroism, Finesse, Renounce Religion, Evoke Berserk Rage


You were on level 3 of the Swamp.
You worshipped Okawaru.
Okawaru was exalted by your worship.
You were hungry.

You visited 5 branches of the dungeon, and saw 27 of its levels.
You also visited: Sewer, Ossuary, Gauntlet, Ice Cave and Volcano.

You collected 3102 gold pieces.
You spent 1575 gold pieces at shops.

Inventory:

Hand Weapons
 a - the +8 demon blade "Bloodbane" (weapon) {slice, *Rage +Rage Stlth-}
   (You bought it in a shop on level 10 of the Dungeon)

   It inflicts extra damage upon your enemies.
   It lets you go berserk.
   It may make you go berserk in combat.
   It makes you less stealthy.
 b - a +1 double sword of slicing
 S - the +2 falchion "Ogrebane" {flame, rElec rC+ MR-}
   (You found it on level 12 of the Dungeon)

   It has been specially enchanted to burn those struck by it, causing extra
   injury to most foes and up to half again as much damage against particularly
   susceptible opponents.
   Big, fiery blades are also staple armaments of hydra-hunters.
   It protects you from cold.
   It insulates you from electricity.
   It affects your resistance to hostile enchantments.
Armour
 c - a +1 large shield of cold resistance (worn)
 l - the +7 plate armour "Begituc" (worn) {Regen+ Dex+6 Stlth-}
   (Okawaru gifted it to you on level 4 of the Lair of Beasts)

   It affects your dexterity (+6).
   It increases your rate of regeneration.
   It makes you less stealthy.
 C - a +2 pair of boots (worn)
 D - the +2 pair of gloves "Jozaniom" (worn) {-Cast Dex+9}
   (You found it on level 5 of the Lair of Beasts)

   It affects your dexterity (+9).
   It prevents spellcasting.
 R - the +15 Maxwell's patent armour {-Cast -Tele rElec MR+ rCorr}
   (Okawaru gifted it to you on level 12 of the Dungeon)

   It insulates you from electricity.
   It affects your resistance to hostile enchantments.
   It prevents spellcasting.
   It prevents most forms of teleportation.
   It provides partial protection from all sources of acid and corrosion.
 W - a +2 hat of intelligence (worn)
Jewellery
 d - the ring of Robustness (left hand) {AC+8}
   (You found it in a Gauntlet)

   [ring of protection]

   It affects your AC (+8).
 k - the ring "Guedgh" {*Corrode rF+ MP+9 Dex+2}
   (You found it on level 1 of the Swamp)

   [ring of magical power]

   It affects your dexterity (+2).
   It protects you from fire.
   It affects your magic capacity (+9).
   It may corrode you when you take damage.
 q - the amulet of Opeyjil (around neck) {Regen+ Dex+2 SInv Stlth+}
   (You found it on level 1 of the Swamp)

   [amulet of regeneration]

   It affects your dexterity (+2).
   It lets you see invisible.
   It increases your rate of regeneration.
   It makes you more stealthy.
 y - an uncursed ring of resist corrosion
 z - an uncursed ring of ice {unknown}
 B - an uncursed amulet of regeneration {unknown}
 L - an uncursed ring of flight
 N - an uncursed ring of protection from magic
 O - a ring of poison resistance (right hand)
 Q - an uncursed ring of protection from fire
 Y - a +5 amulet of reflection
 Z - a +1 ring of protection
Wands
 e - a wand of random effects (40)
 K - a wand of scattershot (2)
Scrolls
 g - 18 scrolls of teleportation
 h - 5 scrolls of fear
 i - 3 scrolls of identify
 j - 6 scrolls of blinking
 t - a scroll of summoning
 v - 11 scrolls of remove curse
 w - 8 scrolls of noise
 x - a scroll of enchant armour
 F - 2 scrolls of fog
 M - a scroll of amnesia
 X - a scroll of magic mapping
Potions
 n - 2 potions of might
 o - 4 potions of resistance
 p - 9 potions of curing
 r - 7 potions of agility
 s - 2 potions of berserk rage
 u - 2 potions of mutation
 A - 5 potions of heal wounds
 G - 4 potions of flight
 H - a potion of ambrosia
 I - 2 potions of haste
Miscellaneous
 m - a lamp of fire
 E - a crystal ball of energy
Comestibles
 f - 40 rations


   Skills:
 + Level 16.0 Fighting
 + Level 17.8 Long Blades
 + Level 15.3 Armour
 + Level 7.1 Dodging
 + Level 2.4 Stealth
 + Level 20.3 Shields
 + Level 0.6 Invocations
 + Level 0.9 Evocations


You had 15 spell levels left.
You didn't know any spells.
Your spell library contained the following spells:

 Spells                   Type           Power        Failure   Level  Hunger
 Animate Skeleton         Necr           N/A          99%         1    ##.....
 Beastly Appendage        Tmut           #.....       99%         1    ##.....
 Confusing Touch          Hex            #.....       99%         1    ##.....
 Corona                   Hex            #......      99%         1    ##.....
 Freeze                   Ice            #...         99%         1    ##.....
 Magic Dart               Conj           #...         99%         1    ##.....
 Pain                     Necr           #...         99%         1    ##.....
 Sandblast                Erth           #.....       99%         1    ##.....
 Shock                    Conj/Air       #...         99%         1    ##.....
 Blink                    Tloc           N/A          100%        2    ###....
 Call Imp                 Summ           #.......     100%        2    ###....
 Ensorcelled Hibernation  Hex/Ice        #.....       100%        2    ###....
 Passwall                 Tmut/Erth      #.......     100%        2    ###....
 Poisonous Vapours        Pois/Air       #.....       100%        2    ###....
 Slow                     Hex            #.......     100%        2    ###....
 Sublimation of Blood     Necr           #.........   100%        2    ###....
 Swiftness                Chrm/Air       #.......     100%        2    ###....
 Throw Frost              Conj/Ice       #.....       100%        2    ###....
 Confuse                  Hex            #.......     100%        3    ####...
 Conjure Flame            Conj/Fire      #.......     100%        3    ####...
 Dazzling Spray           Conj/Hex       #.....       100%        3    ####...
 Gell's Gravitas          Tloc           #.........   100%        3    ####...
 Ignite Poison            Fire/Tmut/Pois #.......     100%        3    ####...
 Mephitic Cloud           Conj/Pois/Air  #.......     100%        3    ####...
 Ozocubu's Armour         Chrm/Ice       #.......     100%        3    ####...
 Portal Projectile        Hex/Tloc       #.....       100%        3    ####...
 Regeneration             Chrm/Necr      #.........   100%        3    ####...
 Static Discharge         Conj/Air       #.......     100%        3    ####...
 Stone Arrow              Conj/Erth      #.....       100%        3    ####...
 Tukima's Dance           Hex            #.......     100%        3    ####...
 Vampiric Draining        Necr           #.........   100%        3    ####...
 Airstrike                Air            #.........   100%        4    #####..
 Animate Dead             Necr           N/A          100%        4    #####..
 Petrify                  Tmut/Erth      #.......     100%        4    #####..
 Summon Ice Beast         Ice/Summ       #.......     100%        4    #####..
 Summon Lightning Spire   Summ/Air       #.......     100%        4    #####..
 Throw Icicle             Conj/Ice       #.......     100%        4    #####..
 Alistair's Intoxication  Tmut/Pois      #.......     100%        5    ######.
 Blade Hands              Tmut           #.........   100%        5    ######.
 Irradiate                Conj/Tmut      #.........   100%        5    ######.
 Lee's Rapid Deconstruct  Erth           #.........   100%        5    ######.
 Lightning Bolt           Conj/Air       #.........   100%        5    ######.
 Metabolic Englaciation   Hex/Ice        #.........   100%        5    ######.
 Silence                  Hex/Air        #.........   100%        5    ######.
 Yara's Violent Unravell  Hex/Tmut       #.........   100%        5    ######.
 Conjure Ball Lightning   Conj/Air       #.........   100%        6    #######
 Deflect Missiles         Chrm/Air       #.........   100%        6    #######
 Freezing Cloud           Conj/Ice/Air   #.........   100%        6    #######
 Iron Shot                Conj/Erth      #.........   100%        6    #######
 Malign Gateway           Summ/Tloc      #.........   100%        7    #######
 Ring of Flames           Chrm/Fire      #.........   100%        7    #######
 Tornado                  Air            #.........   100%        9    #######


Dungeon Overview and Level Annotations

Branches:
Dungeon (15/15)            Temple (1/1) D:5            Lair (6/6) D:11
  Swamp (3/4) Lair:3       Spider (0/4) Lair:2        Slime (0/5) Lair:6
    Orc (2/2) D:12            Elf (0/3) Orc:2        Vaults (0/5) D:13
 Depths (0/5) D:15          Sewer (visited)         Ossuary (visited)
  IceCv (visited)         Volcano (visited)         Gauntlet (visited)

Altars:
Ashenzari
Cheibriados
Dithmenos
Elyvilon
Fedhas
Gozag
Hepliaklqana
Kikubaaqudgha
Makhleb
Nemelex Xobeh
Okawaru
Qazlal
Ru
Sif Muna
Trog
Uskayaw
Vehumet
Wu Jian
Xom
Yredelemnul
Zin
The Shining One
Beogh
Jiyva

Shops:
D:3 *   D:6 %   D:10 :*[}   D:13 *%   Orc:1 *   Orc:2 (*(!

Annotations:
Swamp:3 Roxanne


Innate Abilities, Weirdness & Mutations

You reflexively headbutt those who attack you in melee.
You have a pair of horns on your head.


Message History

You feel sick.
Unknown command.
You slice Roxanne!! You headbutt Roxanne!
Roxanne is severely damaged.
Unknown command.
You slice Roxanne!! You headbutt Roxanne.
Roxanne is severely damaged.
Roxanne mumbles some strange words.
The bolt of magma hits you!!!
* * * LOW HITPOINT WARNING * * *
Unknown command.
You hit Roxanne. You headbutt Roxanne.
Roxanne is almost destroyed.
Unknown command.
You hit Roxanne but do no damage. You headbutt Roxanne, but do no damage.
Roxanne is almost destroyed.
You feel sick.
Roxanne mumbles some strange words.
The crystal spear hits you!!!
You die...

...♣♣ ...# ≈♣.♣ ...#...≈
.≈.♣ ♣≈.♣♣ ###.$.≈♣.≈.♣
≈≈..♣ ...≈♣.♣.≈.♣ ....♣♣
♣♣.§.n♣.≈.♣ ≈.≈..♣♣
♣.≈≈≈≈♣.≈.♣ ..≈≈≈.♣
♣>..≈♣.≈.♣ .≈≈..♣♣
♣♣..°.≈.♣♣ ≈≈≈♣≈♣♣
♣♣..8@.≈°≈♣ .≈≈≈≈≈♣♣
♣≈....°.≈≈♣ ≈§...≈≈♣
♣♣.♣..≈..§♣ .≈.≈.≈≈♣
♣≈♣♣.≈♣≈≈.♣ . ≈≈.≈≈≈.♣♣
♣♣♣♣.?♣≈≈≈♣≈♣ ≈≈≈...§≈♣♣
♣...≈§..≈≈. ≈≈.≈.≈≈.†♣♣♣
♣♣≈.≈≈.≈.≈..
..≈≈≈≈≈≈†§≈♣♣♣♣≈§.≈§≈≈≈.♣
♣.≈≈≈.≈≈♣≈≈≈.≈≈.≈....≈§.♣


You could see Roxanne and a bog body.

Vanquished Creatures
  Nikola (Swamp:3)
  Jorgrun (Swamp:2)
  Rupert (D:13)
  Gastronok (Lair:1)
  A juggernaut zombie (D:15)
  The ghost of Faih the Bludgeoner, a journeyman DsHu of Trog (Lair:4)
  A stone giant (Volcano)
  Nessos (D:12)
  A minotaur (Gauntlet)
  The ghost of Kohma the Unseen, a journeyman SpEn of Kikubaaqudgha (Lair:5)
  Snorg (D:12)
  A blizzard demon (IceCv)
  The ghost of Hoapnymare the Nimble, a journeyman OpWz of Sif Muna (Lair:3)
  The ghost of MalarOregon the Conjurer, a journeyman DrCj of Okawaru (Lair:1)
  Harold (D:8)
  Erolcha (D:12)
  15 hydras
  6 centaur warriors
  6 two-headed ogres
  11 alligators
  11 death yaks
  Urug (D:13)
  7 orc high priests (Orc:2)
  A flayed ghost (D:15)
  A spark wasp zombie (D:15)
  7 swamp dragons
  Pikel (D:7)
  2 deep elf magi
  A necromancer (D:15)
  2 lindwurms (Lair:4)
  3 orc knights
  26 ugly things
  A wolf spider (Lair:2)
  3 centaur zombies
  An oklob plant (Lair:1)
  A worldbinder (Gauntlet)
  2 manticores
  3 cyclopes
  2 moths of wrath
  3 black mambas
  An elephant (Lair:5)
  Maurice (Orc:2)
  7 gargoyles
  4 ice statues
  2 molten gargoyles (Volcano)
  2 rime drakes
  13 ice devils (IceCv)
  33 spiny frogs
  2 guardian mummies (D:15)
  8 komodo dragons
  4 efreet
  A yaktaur skeleton (D:15)
  A spriggan skeleton (D:15)
  A kobold demonologist (D:15)
  A freezing wraith (D:14)
  4 polar bears (Lair:4)
  7 trolls
  A jumping spider (Lair:2)
  Prince Ribbit (D:7)
  6 hornets
  13 tyrant leeches
  8 bog bodies
  14 blink frogs
  14 hippogriffs
  12 slime creatures
  9 spriggans
  2 redbacks (Lair:2)
  2 shadows (Gauntlet)
  2 vampires
  4 fire elementals
  3 wyverns
  28 yaks
  A tyrant leech zombie (Swamp:3)
  2 basilisks
  17 humans
  20 vampire mosquitoes
  2 fire bats (Volcano)
  A steam dragon (Lair:4)
  2 hogs (D:9)
  An insubstantial wisp (Swamp:1)
  9 swamp worms
  7 wargs (Orc:2)
  A hell hound (Gauntlet)
  An acid dragon (D:14)
  A spiny frog zombie (Swamp:3)
  4 porcupines
  Duvessa (D:5)
  7 water moccasins
  11 orc warriors
  2 sky beasts
  A hornet zombie (D:14)
  4 ice beasts
  4 black bears
  2 slaves (D:7)
  6 swamp drakes
  A necrophage (D:8)
  3 phantoms
  16 ogres
  16 centaurs
  A tengu (shapeshifter) (D:13)
  23 wolves
  A boggart (Gauntlet)
  5 crocodiles
  4 big kobolds
  Blork the orc (D:5)
  32 bullfrogs
  2 gnoll sergeants (D:7)
  Dowan (D:5)
  A water moccasin zombie (D:6)
  6 scorpions
  A wyvern skeleton (D:11)
  3 wights (D:8)
  5 killer bees (D:10)
  2 howler monkeys
  3 vampire bats (Lair:2)
  6 electric eels
  8 crimson imps
  6 lava snakes (Volcano)
  2 bullfrog zombies
  3 centaur skeletons
  5 gnoll shamans (D:4)
  7 hounds
  A quasit (D:9)
  A wyvern simulacrum (D:14)
  9 jellies
  31 orc priests
  16 orc wizards
  2 bullfrog skeletons
  Jessica (D:2)
  4 iguanas
  10 worker ants
  A killer bee zombie (D:6)
  A hound skeleton (D:5)
  8 mummies (Ossuary)
  2 howler monkey zombies (D:6)
  A worker ant zombie (D:7)
  53 gnolls
  12 adders
  3 river rats (Sewer)
  5 shadow imps
  12 ufetubi (IceCv)
  12 oozes
  An adder zombie (D:7)
  5 adder skeletons
  5 worms
  3 dart slugs
  8 leopard geckos
  85 orcs
  11 bats
  8 giant cockroaches
  2 gnoll zombies (Ossuary)
  14 goblins
  12 hobgoblins
  30 jackals
  19 kobolds
  4 quokkas
  5 ball pythons
  10 frilled lizards
  4 hobgoblin zombies (Ossuary)
  A leopard gecko skeleton (D:4)
  2 orc zombies (Ossuary)
  2 quokka skeletons (D:5)
  A quokka zombie (D:5)
  19 rats
  A bush (Lair:2)
  27 plants
1079 creatures vanquished.

Vanquished Creatures (others)
  2 centaur warriors
  A vampire mosquito (Swamp:1)
  2 slaves (D:7)
  2 centaurs
  A bullfrog zombie (D:13)
  A gnoll (D:7)
  3 white imps (IceCv)
  3 ufetubi (IceCv)
  A hobgoblin (D:7)
  A jackal (D:7)
  A bush (Lair:6)
  17 fungi
  27 plants
62 creatures vanquished.

Grand Total: 1141 creatures vanquished

Notes
Turn   | Place    | Note
-------+----------+-------------------------------------------
     0 | D:1      | Peloso the Minotaur Fighter began the quest for the Orb.
     0 | D:1      | Reached XP level 1. HP: 19/19 MP: 0/0
    64 | D:1      | Reached XP level 2. HP: 27/27 MP: 1/1
    95 | D:1      | Reached skill level 4 in Shields
   171 | D:1      | Found a shimmering altar of Xom.
   173 | D:1      | Found a white marble altar of Elyvilon.
   173 | D:1      | Found a basalt altar of Yredelemnul.
   178 | D:1      | Found a blossoming altar of Fedhas.
   178 | D:1      | Found a sacrificial altar of Ru.
   178 | D:1      | Found a stormy altar of Qazlal.
   392 | D:1      | Reached XP level 3. HP: 33/33 MP: 2/2
   942 | D:2      | Found a burning altar of Makhleb.
  1076 | D:2      | Reached XP level 4. HP: 27/40 MP: 3/3
  1221 | D:2      | Noticed Jessica
  1227 | D:2      | Killed Jessica
  1227 | D:2      | Reached skill level 1 in Dodging
  1726 | D:3      | Reached XP level 5. HP: 42/46 MP: 4/4
  1845 | D:3      | Found Zin's Purification Station.
  1847 | D:3      | Found a glowing silver altar of Zin.
  1918 | D:3      | Found a glowing drain.
  1930 | Sewer    | Entered a sewer
  2062 | Sewer    | Reached skill level 5 in Shields
  2529 | D:3      | Reached XP level 6. HP: 52/52 MP: 5/5
  2550 | D:3      | Reached skill level 5 in Armour
  3080 | D:4      | Found an ornate altar of the Wu Jian Council.
  3091 | D:4      | Reached skill level 5 in Long Blades
  3602 | D:5      | Entered Level 5 of the Dungeon
  3613 | D:5      | Found a staircase to the Ecumenical Temple.
  3624 | Temple   | Entered the Ecumenical Temple
  3673 | Temple   | Became a worshipper of Warmaster Okawaru
  3734 | D:5      | Reached XP level 7. HP: 57/60 MP: 6/6
  3755 | D:5      | Found a shattered altar of Ashenzari.
  3792 | D:5      | Found an ancient bone altar of Kikubaaqudgha.
  3821 | D:5      | Found a shimmering altar of Xom.
  3822 | D:5      | Found a radiant altar of Vehumet.
  3823 | D:5      | Found a snail-covered altar of Cheibriados.
  3830 | D:5      | Reached skill level 6 in Shields
  3913 | D:5      | Reached * piety under Okawaru
  3933 | D:5      | Noticed Duvessa
  3933 | D:5      | Noticed Blork the orc
  3934 | D:5      | Noticed Dowan
  3939 | D:5      | Killed Duvessa
  3939 | D:5      | Reached skill level 5 in Fighting
  3944 | D:5      | Killed Dowan
  3946 | D:5      | Killed Blork the orc
  3949 | D:5      | Reached XP level 8. HP: 26/68 MP: 7/7
  4026 | D:4      | Found a bloodstained altar of Trog.
  4044 | D:5      | Found a sacrificial altar of Ru.
  4569 | D:6      | Reached skill level 7 in Shields
  4679 | D:6      | Found Fonner's Food Emporium.
  5119 | D:6      | Found a stormy altar of Qazlal.
  5133 | D:6      | Reached ** piety under Okawaru
  5557 | D:7      | Noticed Pikel
  5579 | D:7      | Killed Pikel
  5579 | D:7      | Reached *** piety under Okawaru
  5579 | D:7      | Reached skill level 8 in Shields
  5579 | D:7      | Reached XP level 9. HP: 51/74 MP: 8/8
  6115 | D:7      | Noticed Prince Ribbit
  6335 | D:7      | Reached skill level 5 in Dodging
  6568 | D:7      | Reached skill level 9 in Shields
  6685 | D:7      | Reached **** piety under Okawaru
  6935 | D:7      | Killed Prince Ribbit
  6935 | D:7      | Reached skill level 10 in Long Blades
  7237 | D:4      | Received a gift from Okawaru
  7324 | D:4      | Found a glowing golden altar of the Shining One.
  7664 | D:4      | Reached XP level 10. HP: 84/84 MP: 9/9
  8369 | D:8      | Noticed a +0 dagger
  8370 | D:8      | Noticed a +0 hand axe
  8371 | D:8      | Found a hide-covered altar of Uskayaw.
  8393 | D:8      | Found a sand-covered staircase.
  8396 | D:8      | Noticed Harold
  8428 | D:8      | Killed Harold
  8428 | D:8      | Reached skill level 1 in Stealth
  8428 | D:8      | Reached skill level 10 in Shields
  8528 | Ossuary  | Entered an ossuary
  8951 | D:8      | Reached ***** piety under Okawaru
  9089 | D:8      | Noticed a two-headed ogre
  9100 | D:8      | Killed a two-headed ogre
  9128 | D:8      | Paralysed by a hornet for 3 turns
 10209 | D:9      | Reached XP level 11. HP: 90/94 MP: 10/10
 10254 | D:9      | Received a gift from Okawaru
 10260 | D:9      | Got a smoking scale mail {god gift}
 10271 | D:9      | Identified the +1 scale mail of the Shrike {rPois rCorr
                  | MP-9} (Okawaru gifted it to you on level 9 of the Dungeon)
 10658 | D:9      | Reached skill level 11 in Shields
 10895 | D:10     | Entered Level 10 of the Dungeon
 10911 | D:10     | Found Ydediq's Gadget Emporium.
 10933 | D:10     | Found Oruybram's Armour Emporium.
 11105 | D:10     | Found Amucraex's Book Shoppe.
 11124 | D:10     | Found Mizutieta's General Store.
 11133 | D:10     | Bought the +8 demon blade "Bloodbane" {slice, *Rage +Rage
                  | Stlth-} for 695 gold pieces
 11133 | D:10     | Found the +8 demon blade "Bloodbane" {slice, *Rage +Rage
                  | Stlth-}
 11200 | D:10     | Found a shattered altar of Ashenzari.
 11604 | D:10     | Noticed a green ugly thing
 11618 | D:10     | Killed a green ugly thing
 11731 | D:10     | Noticed a two-headed ogre
 11737 | D:10     | Killed a two-headed ogre
 11737 | D:10     | Reached skill level 10 in Armour
 12235 | D:11     | Identified the Handbook of the Compass
 12427 | D:11     | Found a staircase to the Lair.
 12730 | D:12     | Noticed Snorg
 12738 | D:12     | Killed Snorg
 12787 | D:12     | Noticed a two-headed ogre
 12794 | D:12     | Killed a two-headed ogre
 12794 | D:12     | Reached skill level 12 in Shields
 12922 | D:12     | Got an encrusted falchion
 12923 | D:12     | Identified the +2 falchion "Ogrebane" {flame, rElec rC+
                  | MR-} (You found it on level 12 of the Dungeon)
 13080 | D:12     | Noticed a purple ugly thing
 13086 | D:12     | Killed a purple ugly thing
 13086 | D:12     | Reached XP level 12. HP: 104/104 MP: 11/11
 13095 | D:12     | Noticed a two-headed ogre
 13102 | D:12     | Killed a two-headed ogre
 13123 | D:12     | Found a staircase to the Orcish Mines.
 13123 | D:12     | Noticed a six-headed hydra
 13134 | D:12     | Killed a one-headed hydra
 13263 | D:12     | Received a gift from Okawaru
 13264 | D:12     | Found the +15 Maxwell's patent armour {-Cast -Tele rElec
                  | MR+ rCorr}
 13341 | D:12     | Noticed Nessos
 13343 | D:12     | Noticed Erolcha
 13354 | D:12     | Killed Erolcha
 13358 | D:12     | Killed Nessos
 13453 | D:12     | Reached ****** piety under Okawaru
 13633 | Lair:1   | Entered Level 1 of the Lair of Beasts
 13666 | Lair:1   | HP: 2/106 [porcupine (6)]
 13685 | D:11     | HP: 2/106 [black mamba (13)]
 14031 | D:11     | Reached skill level 10 in Fighting
 14192 | Lair:1   | Reached skill level 13 in Shields
 14287 | Lair:1   | Found a runed translucent door.
 14288 | Lair:1   | Noticed MalarOregon's ghost (journeyman DrCj)
 14458 | Lair:1   | Noticed Gastronok
 14469 | Lair:1   | Killed Gastronok
 15009 | Lair:1   | Killed MalarOregon's ghost
 15009 | Lair:1   | Received a gift from Okawaru
 15021 | Lair:1   | Got a pitted chain mail {god gift}
 15033 | Lair:1   | Identified the +0 chain mail of the Imp {rN++ Str+5}
                  | (Okawaru gifted it to you on level 1 of the Lair of Beasts)
 15177 | Lair:2   | Found a gate leading to a gauntlet.
 15186 | Gauntlet | Entered a Gauntlet
 15186 | Gauntlet | Found a transporter.
 15186 | Gauntlet | Found a transporter.
 15186 | Gauntlet | Found a transporter.
 15188 | Gauntlet | Found the ring of Robustness {AC+8}
 15197 | Gauntlet | Found a transporter.
 15200 | Gauntlet | Found a transporter.
 15204 | Gauntlet | Found a runed translucent door.
 15208 | Gauntlet | Found a transporter.
 15210 | Gauntlet | Found a runed translucent door.
 15211 | Gauntlet | Found a transporter.
 15220 | Gauntlet | Found a transporter.
 15237 | Gauntlet | Found a transporter.
 15254 | Gauntlet | Found a transporter.
 15257 | Gauntlet | Found a transporter.
 15267 | Gauntlet | Found a transporter.
 15438 | Gauntlet | Reached XP level 13. HP: 114/114 MP: 12/12
 15529 | Gauntlet | Got a sparkling ivory ring
 15531 | Gauntlet | Identified the ring of the Lobster {Fire *Drain MR- Str+3
                  | Int+4} (You found it in a Gauntlet)
 15573 | Gauntlet | Noticed a minotaur
 15587 | Gauntlet | Killed a minotaur
 15999 | Lair:2   | Found a hole to the Spider Nest.
 17284 | Lair:3   | Found a transporter.
 17289 | Lair:3   | Noticed Hoapnymare's ghost (journeyman OpWz)
 17290 | Lair:3   | Found a bloodstained altar of Trog.
 17290 | Lair:3   | Identified the +4 trident of Wilemm {elec, -Tele rF+ rN+}
 17296 | Lair:3   | Found a transporter.
 17712 | Lair:3   | Found a staircase to the Swamp.
 18133 | Lair:3   | Reached skill level 14 in Shields
 18166 | Lair:3   | Killed Hoapnymare's ghost
 18237 | Lair:4   | Found a dark tunnel.
 18242 | Lair:4   | Reached skill level 15 in Long Blades
 18296 | Lair:4   | Received a gift from Okawaru
 18401 | Volcano  | Entered a volcano
 18690 | Volcano  | Found a burning altar of Makhleb.
 18708 | Volcano  | Noticed a stone giant
 18715 | Volcano  | Killed a stone giant
 18962 | Lair:4   | Got a spiked plate armour {god gift}
 18973 | Lair:4   | Identified the +7 plate armour "Begituc" {Regen+ Dex+6
                  | Stlth-} (Okawaru gifted it to you on level 4 of the Lair of
                  | Beasts)
 19880 | D:10     | Bought a wand of digging (4) for 240 gold pieces
 20575 | Lair:4   | Found a runed translucent gate.
 20576 | Lair:4   | Found a runed translucent gate.
 20577 | Lair:4   | Found a runed translucent gate.
 20581 | Lair:4   | Noticed Faih's ghost (journeyman DsHu)
 20594 | Lair:4   | Killed Faih's ghost
 20594 | Lair:4   | Reached XP level 14. HP: 126/126 MP: 13/13
 21015 | Lair:5   | Reached skill level 15 in Shields
 21565 | Lair:5   | Noticed Kohma's ghost (journeyman SpEn)
 21583 | Lair:5   | Found a transporter.
 21598 | Lair:5   | Found a transporter.
 21736 | Lair:5   | Killed Kohma's ghost
 21742 | Lair:5   | Got a pair of polished gloves
 21753 | Lair:5   | Identified the +2 pair of gloves "Jozaniom" {-Cast Dex+9}
                  | (You found it on level 5 of the Lair of Beasts)
 22267 | Lair:6   | Entered Level 6 of the Lair of Beasts
 22277 | Lair:5   | Received a gift from Okawaru
 22303 | Lair:5   | Got an ichor-stained shortbow {god gift}
 22387 | Lair:6   | Reached skill level 16 in Shields
 22677 | Lair:6   | Found a staircase to the Slime Pits.
 22678 | Lair:6   | Found a viscous altar of Jiyva.
 22855 | Lair:6   | Identified Sif Muna's Incunabulum of the Birds
 23749 | D:13     | Noticed Rupert
 23763 | D:13     | Killed Rupert
 23763 | D:13     | Received a gift from Okawaru
 23763 | D:13     | Reached XP level 15. HP: 132/136 MP: 11/14
 23766 | D:13     | Noticed Urug
 23776 | D:13     | Found a gate to the Vaults.
 23789 | D:13     | Killed Urug
 23885 | D:13     | Reached skill level 17 in Shields
 23936 | D:13     | Found Sabba's Food Shoppe.
 24061 | D:13     | Found Cuykke's General Store.
 24065 | D:13     | Bought a scroll of identify for 36 gold pieces
 24412 | Orc:1    | Entered Level 1 of the Orcish Mines
 24412 | Orc:1    | Found Buupef's Assorted Antiques.
 24439 | Orc:1    | Bought a scroll of identify for 54 gold pieces
 24439 | Orc:1    | Bought a scroll of identify for 54 gold pieces
 24442 | Orc:1    | Identified a scroll of acquirement
 24593 | Orc:2    | Entered Level 2 of the Orcish Mines
 25164 | Orc:2    | Found a roughly hewn altar of Beogh.
 25209 | Orc:2    | Found Omaij's Assorted Antiques.
 25209 | Orc:2    | Found Dairch's Antique Weapon Boutique.
 25464 | Orc:2    | Bought a shimmering falchion for 192 gold pieces
 25465 | Orc:2    | Identified the cursed +3 falchion "Dragonslayer"
                  | {antimagic, *Slow +Inv rC+ Int+3} (You bought it in a shop
                  | on level 2 of the Orcish Mines)
 25481 | Orc:2    | Bought a sparkling lead ring for 105 gold pieces
 25481 | Orc:2    | Bought a scroll labeled OJEASORAUF for 21 gold pieces
 25481 | Orc:2    | Bought a scroll of identify for 42 gold pieces
 25485 | Orc:2    | Identified the ring of Harmony {+Fly rPois Str-5 Int+4
                  | SInv} (You bought it in a shop on level 2 of the Orcish
                  | Mines)
 25502 | Orc:2    | Noticed Maurice
 25512 | Orc:2    | Received a gift from Okawaru
 25516 | Orc:2    | Killed Maurice
 25706 | Orc:2    | Found Buhubeh's Distillery.
 25706 | Orc:2    | Found Kuemouto's Antique Weapon Boutique.
 25711 | Orc:2    | Bought a potion of mutation for 136 gold pieces
 25773 | Orc:2    | Found a roughly hewn altar of Beogh.
 25789 | Orc:2    | Found a staircase to the Elven Halls.
 26531 | D:14     | Reached skill level 18 in Shields
 26941 | D:14     | Identified the Disquisition on the Mountains and Shape
                  | Shifting
 27268 | D:15     | Entered Level 15 of the Dungeon
 27337 | D:15     | Received a gift from Okawaru
 27570 | D:15     | Found a staircase to the Depths.
 27599 | D:15     | Reached XP level 16. HP: 105/147 MP: 15/15
 28335 | Swamp:1  | Entered Level 1 of the Swamp
 28335 | Swamp:1  | Found a transporter.
 28460 | Swamp:1  | Reached skill level 15 in Armour
 28487 | Swamp:1  | Reached skill level 15 in Fighting
 28716 | Swamp:1  | Found a frozen archway.
 28733 | Swamp:1  | Reached skill level 19 in Shields
 28749 | IceCv    | Entered an ice cave
 29074 | IceCv    | Received a gift from Okawaru
 29197 | Swamp:1  | Found an opulent altar of Gozag.
 29284 | Swamp:1  | Found a transporter.
 29911 | Swamp:1  | Paralysed by the power of Zot for 4 turns
 29914 | Swamp:1  | Gained mutation: Scrolls take you a little longer to read.
                  | [the power of Zot]
 29917 | Swamp:1  | Lost mutation: Scrolls take you a little longer to read.
                  | [the power of Zot]
 29919 | Swamp:1  | Paralysed by the power of Zot for 4 turns
 29944 | Swamp:1  | Received a gift from Okawaru
 29970 | Swamp:1  | Got a shimmering diamond amulet
 29972 | Swamp:1  | Identified the amulet of Opeyjil {Regen+ Dex+2 SInv Stlth+}
                  | (You found it on level 1 of the Swamp)
 29987 | Swamp:1  | Got a smoking iron ring
 29989 | Swamp:1  | Identified the ring "Guedgh" {*Corrode rF+ MP+9 Dex+2} (You
                  | found it on level 1 of the Swamp)
 29994 | Swamp:1  | Got an encrusted ring mail
 30005 | Swamp:1  | Identified the +2 ring mail "Nyicrieb" {+Fly rPois MR+}
                  | (You found it on level 1 of the Swamp)
 30390 | Swamp:2  | Noticed Jorgrun
 30414 | Swamp:2  | Killed Jorgrun
 30414 | Swamp:2  | Reached skill level 20 in Shields
 30966 | Swamp:3  | Noticed Nikola
 30986 | Swamp:3  | Killed Nikola
 30986 | Swamp:3  | Received a gift from Okawaru
 31298 | Swamp:3  | Noticed Roxanne
 31319 | Swamp:3  | HP: 7/151 [Roxanne/bolt of magma (44)]
 31321 | Swamp:3  | Killed from afar by Roxanne

Levels and vault maps discovered:
D:1:      psy_arrival_radial02, layout_basic, serial_park_tiny_2,
          solitary_fountain, doesnt_xom_only_xom
D:2:      layout_basic, lemuel_crystal_altar, first_ration, uniq_jessica
D:3:      layout_basic, zin_purify, gup_sewer_entry_bubbles
D:4:      lemuel_castle_with_subvaults [lemuel_castle_interior_carwin_3],
          layout_rooms, nicolae_overflow_hidden_temple,
          overflow_temple_1_default, overflow_temple_1_default
D:5:      layout_basic, lemuel_round_altar, nicolae_ru_sacrificial_ziggurat,
          grunt_temple_overflow_open, lemuel_crystal_altar, temple_fountains,
          minmay_manual_moon, uniq_duvessa, uniq_blork_the_orc
D:6:      layout_basic, kennysheep_mini, serial_shops, shop,
          grunt_decor_arrowhead
D:7:      kennysheep_housing_project, layout_loops_ring, uniq_pikel,
          uniq_prince_ribbit1
D:8:      minmay_bubble_buster, layout_loops_corners, dancing_weapons_uskayaw,
          enter_ossuary_1, uniq_harold
D:9:      layout_roguey, grunt_livestock
D:10:     layout_grid_maze, serial_shops,
          nicolae_shop_temple_entry_statues_fountains, shop,
          nicolae_shop_waterfront, shop, minivault_25, ashenzari_altar_1
D:11:     layout_gridville, lair_entry_dummy
D:12:     layout_basic, orc_0_dummy, uniq_nessos, uniq_erolcha, uniq_snorg
D:13:     layout_roguey, david_vaults_3, serial_shops, shop, shop,
          feat_on_display
D:14:     layout_long_grid, patterned_corridor, minmay_librarian
D:15:     gammafunk_depths_entry_grave, layout_basic, roderic_st_hans_cross
Temple:   kb_temple_of_zot
Lair:1:   lemuel_slime, layout_small_grid, gammafunk_ghost_grave, minivault_23,
          minmay_lair_oklob_chamber, uniq_gastronok
Lair:2:   wad_woods_structure_01, layout_regular_city,
          spider_nest_entry_funnel_web, gauntlet_entry_generic, roderic_batcave,
          chequers_serial_rivers_small_b
Lair:3:   layout_big_grid, nicolae_swamp_entry_splash_gauntlet,
          gammafunk_ghost_wrathful_warriors, serial_bayou_lagoon_a,
          guppyfry_lair_drakes, grunt_megastairs_5
Lair:4:   layout_regular_city, nicolae_volcano_entry_vermiform,
          ebering_ghost_rock_garden, cheibrodos_lair_lostbears
Lair:5:   layout_cave_pods, gammafunk_ghost_berserking_beasts,
          grunt_megastairs_2, serial_bayou_shore_a
Lair:6:   minmay_lair_end_frog_pond, layout_regular_city, slime_altar_1
Swamp:1:  gammafunk_its_a_trap, layout_basic_swamp,
          portal_ice_cave_entry_ice_statue_two, lemuel_altar_in_water,
          swamp_pool1
Swamp:2:  layout_basic_swamp, hangedman_swamp_diagram, uniq_jorgrun
Swamp:3:  cheibrodos_swamp_mausoleum, layout_falls_marsh,
          evilmike_swamp_ruin_house_6, uniq_roxanne, uniq_nikola
Orc:1:    layout_caves, serial_shops, shop
Orc:2:    st_orc_town, layout_diamond_mine, basic_altar, uniq_maurice

Skill      XL: |  1  2  3  4  5  6  7  8  9 10 11 12 13 14 15 16 |
---------------+-------------------------------------------------+-----
Shields        | 4 5 6 8 9 10 12 13 14 16 18 20 | 20.3
Armour         | 4 5 6 7 8 9 11 12 13 14 15 | 15.3
Long Blades    | 3 4 5 6 9 10 12 13 14 15 16 17 | 17.8
Fighting       | 4 5 6 8 9 10 12 13 14 16 | 16.0
Dodging        | 1 2 3 4 5 6 7 |  7.1
Stealth        | 1 2 |  2.4
Invocations    | |  0.6
Evocations     | |  0.9

Action                   |  1- 3 |  4- 6 |  7- 9 | 10-12 | 13-15 | 16-18 || total
-------------------------+-------+-------+-------+-------+-------+-------++-------
Melee: Long sword        |   108 |   249 |   430 |   440 |       |       ||  1227
       Headbutt          |    13 |    38 |   107 |   195 |   387 |   228 ||   968
       Falchion          |       |       |       |   112 |    22 |       ||   134
       Demon blade       |       |       |       |   241 |  1191 |   519 ||  1951
       Double sword      |       |       |       |       |       |    44 ||    44
Invok: Heroism           |       |       |     4 |     5 |     1 |       ||    10
Evoke: Wand              |       |       |     1 |     4 |     5 |       ||    10
  Use: Potion            |       |     3 |     3 |     4 |     2 |     2 ||    14
       Scroll            |       |     8 |     4 |    14 |     7 |     5 ||    38
  Eat: Chunk             |       |    10 |    12 |    20 |    26 |    10 ||    78
       Ration            |       |       |       |     2 |     4 |     1 ||     7
Armor: Scale mail        |    62 |   118 |    66 |       |       |       ||   246
       Plate armour      |       |       |    63 |   165 |   330 |   237 ||   795
       Chain mail        |       |       |       |   174 |    57 |       ||   231
Dodge: Dodged            |    41 |   120 |   150 |   236 |   270 |   126 ||   943
Block: Shield            |    81 |   168 |   248 |   502 |   571 |       ||  1570
       Reflection        |       |       |       |       |    64 |     5 ||    69
       Large shield      |       |       |       |       |   489 |   620 ||  1109
       Rpst.: Long sword |    10 |    30 |    32 |    26 |       |       ||    98
       Falchion          |       |       |       |    10 |     1 |       ||    11
       Demon blade       |       |       |       |    26 |    47 |    26 ||    99
       Double sword      |       |       |       |       |       |     2 ||     2

Table legend:
 A = Non-vault XP
 B = Vault XP
 C = Vault XP percentage of total XP
 D = Non-vault monster count
 E = Vault monster count
 F = Vault count percentage of total count
                 A         B        C        D         E       F
            +---------+---------+-------+---------+---------+-------
      Total |  124488 |   89582 |  41.8 |     633 |     421 |  39.9
            +---------+---------+-------+---------+---------+-------
        D:1 |      56 |       0 |   0.0 |      30 |       0 |   0.0
        D:2 |      75 |      37 |  33.0 |      22 |       1 |   4.3
        D:3 |     167 |      53 |  24.1 |      24 |       8 |  25.0
        D:4 |     306 |     803 |  72.4 |      23 |      51 |  68.9
        D:5 |     439 |     451 |  50.7 |      16 |       5 |  23.8
        D:6 |    1000 |       0 |   0.0 |      25 |       0 |   0.0
        D:7 |     866 |    1937 |  69.1 |      19 |      30 |  61.2
        D:8 |    1226 |    2916 |  70.4 |      32 |      11 |  25.6
        D:9 |    1858 |     978 |  34.5 |      38 |       5 |  11.6
       D:10 |    3444 |       0 |   0.0 |      30 |       0 |   0.0
       D:11 |    2201 |     476 |  17.8 |      11 |       1 |   8.3
       D:12 |    5951 |    3345 |  36.0 |      30 |       3 |   9.1
       D:13 |    7226 |    7843 |  52.0 |      25 |      20 |  44.4
       D:14 |    8585 |     637 |   6.9 |      38 |       1 |   2.6
       D:15 |   16025 |    5165 |  24.4 |      38 |       8 |  17.4
     Lair:1 |    4521 |    4609 |  50.5 |      24 |      21 |  46.7
     Lair:2 |     433 |    3723 |  89.6 |       1 |      19 |  95.0
     Lair:3 |    2035 |    3740 |  64.8 |       8 |      14 |  63.6
     Lair:4 |    6048 |    3027 |  33.4 |      23 |       5 |  17.9
     Lair:5 |   14330 |    6024 |  29.6 |      35 |      11 |  23.9
     Lair:6 |    6000 |   11296 |  65.3 |      19 |      43 |  69.4
    Swamp:1 |   10698 |    3207 |  23.1 |      26 |       8 |  23.5
    Swamp:2 |   13222 |    2731 |  17.1 |      31 |       1 |   3.1
    Swamp:3 |   12210 |    4368 |  26.3 |      27 |       3 |  10.0
      Orc:1 |    1958 |       3 |   0.2 |      13 |       1 |   7.1
      Orc:2 |    3608 |    8277 |  69.6 |      25 |      57 |  69.5
      Sewer |       0 |      62 | 100.0 |       0 |      24 | 100.0
    Ossuary |       0 |     149 | 100.0 |       0 |      16 | 100.0
      IceCv |       0 |    5644 | 100.0 |       0 |      28 | 100.0
    Volcano |       0 |    4636 | 100.0 |       0 |      16 | 100.0
   Gauntlet |       0 |    3445 | 100.0 |       0 |      10 | 100.0
            +---------+---------+-------+---------+---------+-------
